 Dungeon Crawl Stone Soup version 0.21.3-3-g218456f21e (webtiles) character file.

236 ReteAZ the Grave Robber (level 6, -1/44 HPs)
             Began as a Gnoll Necromancer on Aug 20, 2020.
             Slain by Natasha (3 damage)
             ... on level 3 of the Dungeon.
             The game lasted 00:07:54 (3866 turns).

ReteAZ the Grave Robber (Gnoll Necromancer)         Turns: 3866, Time: 00:07:55

Health: -1/44      AC:  3    Str: 11    XL:     6   Next: 6%
Magic:  11/13      EV: 15    Int: 19    God:
Gold:   163        SH:  0    Dex: 15    Spells: 13/15 levels left

rFire    . . .     SeeInvis .   w - +3 dagger
rCold    . . .     Gourm    .   (no shield)
rNeg     . . .     Faith    .   a - +1 robe
rPois    .         Spirit   .   (no helmet)
rElec    .         Reflect  .   (no cloak)
rCorr    .         Harm     .   (no gloves)
MR       +....                  (no boots)
Stlth    +++.......             (no amulet)
HPRegen  0.14/turn              (no ring)
MPRegen  0.13/turn              q - ring of protection from magic

@: no status effects
A: distributed training, fangs 1, strong nose
a: no special abilities


You were on level 3 of the Dungeon.
You were not hungry.

You visited 1 branch of the dungeon, and saw 3 of its levels.

You collected 163 gold pieces.

Inventory:

Hand Weapons
 e - a +0 dagger
 g - a +1 mace of protection
 p - a -2 mace
 t - a +0 war axe
 w - a +3 dagger (weapon)
Armour
 a - a +1 robe (worn)
 u - a +0 leather armour
Jewellery
 q - a ring of protection from magic (right hand)
Wands
 v - a wand of acid (9)
Scrolls
 h - 2 scrolls of fear
 k - a scroll of teleportation
 r - a scroll of remove curse
 s - a scroll of enchant weapon {unknown}
Potions
 d - 2 potions of cancellation
 l - 3 potions of curing
 m - a potion of brilliance
 o - a potion of agility
Books
 b - a book of Necromancy

   Spells                             Type                      Level
   a - Pain                           Necromancy                   1
   b - Animate Skeleton               Necromancy                   1
   c - Vampiric Draining              Necromancy                   3
   d - Regeneration                   Charms/Necromancy            3
   e - Animate Dead                   Necromancy                   4
   f - Borgnjor's Vile Clutch         Necromancy/Earth             5
Comestibles
 c - 11 rations


   Skills:
 + Level 1.7 Fighting
 + Level 1.7 Short Blades
 + Level 1.7 Long Blades
 + Level 1.7 Axes
 + Level 1.7 Maces & Flails
 + Level 1.7 Polearms
 + Level 1.7 Staves
 + Level 1.7 Slings
 + Level 1.7 Bows
 + Level 1.7 Crossbows
 + Level 1.7 Throwing
 + Level 1.7 Armour
 + Level 4.9 Dodging
 + Level 4.5 Stealth
 + Level 1.7 Shields
 + Level 1.7 Unarmed Combat
 + Level 5.3 Spellcasting
 + Level 1.3 Conjurations
 + Level 1.3 Hexes
 + Level 1.3 Charms
 + Level 1.3 Summonings
 + Level 7.2 Necromancy
 + Level 1.3 Translocations
 + Level 1.3 Transmutations
 + Level 1.3 Fire Magic
 + Level 1.3 Ice Magic
 + Level 1.3 Air Magic
 + Level 1.3 Earth Magic
 + Level 1.3 Poison Magic
 + Level 2.0 Invocations
 + Level 1.7 Evocations


You had 13 spell levels left.
You knew the following spells:

 Your Spells              Type           Power        Failure   Level  Hunger
a - Pain                  Necr           ####         1%          1    None
b - Animate Skeleton      Necr           N/A          1%          1    None


Dungeon Overview and Level Annotations

Branches:
Dungeon (3/15)

Altars:
Kikubaaqudgha
Makhleb
Okawaru
Qazlal
Ru
Uskayaw
Vehumet
Xom
Yredelemnul

Annotations:
D:3 Natasha; Xiguana's ghost, amateur BaAE


Innate Abilities, Weirdness & Mutations

Your experience applies equally to all skills.
You have very sharp teeth.
Your uncanny sense of smell can sniff out nearby items.


Message History

* * * LOW HITPOINT WARNING * * *
Casting: Animate Skeleton
Confirm with . or Enter, or press ? or * to list all spells.
Aiming: Pain
Press: ? - help, Shift-Dir - straight line, f - Natasha
Aim: Natasha (chance to defeat MR: 84%) Natasha writhes in agony!
Xiguana's ghost wails.
The white imp gestures at you. The puff of frost hits you!
* * * LOW HITPOINT WARNING * * *
Casting: Pain
Confirm with . or Enter, or press ? or * to list all spells.
Aiming: Pain
Press: ? - help, Shift-Dir - straight line, f/p - Natasha
Aim: Natasha (lightly wounded, chance to defeat MR: 84%) Natasha writhes in agony!
Xiguana's ghost shrieks, "You will join me soon!"
Natasha claws you.
You die...

.....# #.# #........#..#...
..##.# #.# #........#..#...
####W# #.# #........##.#... #
#.# #.# #........##.)... #.#
#.# #####.#......... #.# #.#
##...........
#.################...........#
#...........5...##.#####......
#.........W.h@.........#....[.
#...............######.#......
###############.# #.#......
#.# #.# #.####### #.# #.#
#........ #.# #.# #######.>
#.# #.# #...... #.# #.#
###...[ #.# #.# #.##<


You could see Natasha, Xiguana's ghost and a white imp.

Vanquished Creatures
  2 orc priests (D:3)
  Natasha (twice) (D:3)
  2 adders
  4 worms
  2 dart slugs
  2 leopard geckos
  8 orcs
  3 giant cockroaches
  9 goblins
  10 hobgoblins
  3 jackals (D:3)
  2 quokkas
  A ball python (D:2)
  7 bats
  4 frilled lizards
  11 kobolds
  7 rats
79 creatures vanquished.

Vanquished Creatures (collateral kills)
  A shadow imp (D:3)
  A worm (D:2)
  A dart slug (D:2)
3 creatures vanquished.

Grand Total: 82 creatures vanquished

Notes
Turn   | Place    | Note
-------+----------+-------------------------------------------
     0 | D:1      | ReteAZ the Gnoll Necromancer began the quest for the Orb.
     0 | D:1      | Reached XP level 1. HP: 13/13 MP: 6/6
     2 | D:1      | Learned a level 1 spell: Animate Skeleton
   513 | D:1      | You fall through a shaft!
   514 | D:2      | Reached XP level 2. HP: 19/19 MP: 5/7
   607 | D:2      | Found a basalt altar of Yredelemnul.
   715 | D:2      | Reached XP level 3. HP: 5/25 MP: 2/9
  1007 | D:2      | Reached skill level 5 in Spellcasting
  1360 | D:2      | Reached skill level 1 in Invocations
  1541 | D:2      | Reached skill level 1 in Fighting
  1541 | D:2      | Reached skill level 1 in Short Blades
  1541 | D:2      | Reached skill level 1 in Long Blades
  1541 | D:2      | Reached skill level 1 in Axes
  1541 | D:2      | Reached skill level 1 in Maces & Flails
  1541 | D:2      | Reached skill level 1 in Polearms
  1541 | D:2      | Reached skill level 1 in Staves
  1541 | D:2      | Reached skill level 1 in Slings
  1541 | D:2      | Reached skill level 1 in Bows
  1541 | D:2      | Reached skill level 1 in Crossbows
  1541 | D:2      | Reached skill level 1 in Throwing
  1541 | D:2      | Reached skill level 1 in Armour
  1541 | D:2      | Reached skill level 1 in Shields
  1541 | D:2      | Reached skill level 1 in Unarmed Combat
  1541 | D:2      | Reached skill level 1 in Evocations
  1560 | D:2      | Found a shimmering altar of Xom.
  1572 | D:2      | Found a burning altar of Makhleb.
  1668 | D:2      | Reached XP level 4. HP: 21/32 MP: 7/11
  2577 | D:3      | Found a stormy altar of Qazlal.
  2589 | D:3      | Reached skill level 1 in Conjurations
  2589 | D:3      | Reached skill level 1 in Hexes
  2589 | D:3      | Reached skill level 1 in Charms
  2589 | D:3      | Reached skill level 1 in Summonings
  2589 | D:3      | Reached skill level 1 in Translocations
  2589 | D:3      | Reached skill level 1 in Transmutations
  2589 | D:3      | Reached skill level 1 in Fire Magic
  2589 | D:3      | Reached skill level 1 in Ice Magic
  2589 | D:3      | Reached skill level 1 in Air Magic
  2589 | D:3      | Reached skill level 1 in Earth Magic
  2589 | D:3      | Reached skill level 1 in Poison Magic
  2594 | D:3      | Reached XP level 5. HP: 28/37 MP: 3/12
  2612 | D:3      | Found an ancient bone altar of Kikubaaqudgha.
  2614 | D:3      | Found an iron altar of Okawaru.
  2617 | D:3      | Found a hide-covered altar of Uskayaw.
  2618 | D:3      | Found a radiant altar of Vehumet.
  2662 | D:3      | Found a sacrificial altar of Ru.
  3172 | D:3      | Noticed Xiguana's ghost (amateur BaAE)
  3417 | D:3      | Noticed Natasha
  3428 | D:3      | Killed Natasha
  3687 | D:3      | Noticed Natasha
  3691 | D:3      | Killed Natasha
  3691 | D:3      | Reached XP level 6. HP: 37/44 MP: 8/13
  3854 | D:3      | Noticed Natasha
  3866 | D:3      | Slain by Natasha

Skill      XL: |  1  2  3  4  5 |
---------------+----------------+-----
Spellcasting   | 5 |  5.3
Invocations    | 1 2 |  2.0
Fighting       | 1 |  1.7
Short Blades   | 1 |  1.7
Long Blades    | 1 |  1.7
Axes           | 1 |  1.7
Maces & Flails | 1 |  1.7
Polearms       | 1 |  1.7
Staves         | 1 |  1.7
Slings         | 1 |  1.7
Bows           | 1 |  1.7
Crossbows      | 1 |  1.7
Throwing       | 1 |  1.7
Armour         | 1 |  1.7
Shields        | 1 |  1.7
Unarmed Combat | 1 |  1.7
Evocations     | 1 |  1.7
Conjurations   | 1 |  1.3
Hexes          | 1 |  1.3
Charms         | 1 |  1.3
Summonings     | 1 |  1.3
Translocations | 1 |  1.3
Transmutations | 1 |  1.3
Fire Magic     | 1 |  1.3
Ice Magic      | 1 |  1.3
Air Magic      | 1 |  1.3
Earth Magic    | 1 |  1.3
Poison Magic   | 1 |  1.3
Dodging        | |  4.9
Stealth        | |  4.5
Necromancy     | |  7.2

Action                   |  1- 3 |  4- 6 || total
-------------------------+-------+-------++-------
Melee: Dagger            |     5 |    17 ||    22
       Bite              |     3 |     2 ||     5
       Unarmed           |     2 |       ||     2
       Mace              |     8 |    25 ||    33
 Cast: Pain              |    51 |    83 ||   134
       Animate Skeleton  |     5 |    10 ||    15
  Use: Scroll            |       |    10 ||    10
 Stab: Sleeping          |     4 |       ||     4
  Eat: Chunk             |     2 |     7 ||     9
Armor: Robe              |     2 |    10 ||    12
Dodge: Dodged            |    16 |    48 ||    64
